 Dungeon Crawl Stone Soup version 0.31-a0-832-g3a2c1c66ba (webtiles) character file.

Game seed: 17480246847586357273

128 Bnni the Vexing (level 5, 0/38 HPs)
             Began as a Formicid Hexslinger on Sept 25, 2023.
             Slain by a kobold
             ... wielding a +0 whip
              (3 damage)
             ... in a sewer.
             The game lasted 00:02:47 (2073 turns).

Bnni the Vexing (Formicid Hexslinger)               Turns: 2073, Time: 00:02:48

Health: 0/38       AC:  2    Str: 12    XL:     5   Next: 34%
Magic:  6/7        EV: 12    Int: 13    God:
Gold:   70         SH:  0    Dex: 18    Spells: 5/7 levels left

rFire   . . .        a - +1 sling
rCold   . . .        (no shield)
rNeg    . . .        c - +0 robe
rPois   .            (helmet unavailable)
rElec   .            (no cloak)
rCorr   .            (no gloves)
SInv    +            (no boots)
Will    .....        l - amulet of faith
Stlth   ++           (no ring)
HPRegen 0.26/turn    (no ring)
MPRegen 0.10/turn

%: faith
@: brilliant, weak-willed
A: permanent stasis, dig shafts and tunnels, antennae 3, four strong arms
a: Dig


You were in a sewer.
You visited 1 branch of the dungeon, and saw 3 of its levels.
You also visited: Sewer.

You collected 98 gold pieces.
You spent 28 gold pieces at shops.

Inventory:

Hand Weapons
 a - a +1 sling (weapon)
Missiles
 j - 3 poisoned darts
Armour
 c - a +0 robe (worn)
Jewellery
 l - an amulet of faith (around neck)
Scrolls
 b - 4 scrolls of poison
 e - a scroll of acquirement {unknown}
 f - 2 scrolls of fear {unknown}
 g - a scroll of blinking {unknown}
 h - a scroll of enchant armour {unknown}
Potions
 d - a potion of brilliance
 i - a potion of curing
 k - a potion of magic


   Skills:
 + Level 2.0 Fighting
 * Level 3.0 Ranged Weapons
 - Level 1.7 Dodging
 + Level 1.8 Spellcasting
 * Level 4.6 Hexes
 * Level 2.5 Fire Magic


You had 5 spell levels left.
You knew the following spells:

 Your Spells              Type           Power      Damage    Failure   Level
a - Jinxbite              Hex            38%        N/A       6%          2

Your spell library contained the following spells:

 Spells                   Type           Power      Damage    Failure   Level
 Sigil of Binding         Hex            19%        N/A       12%         3
 Inner Flame              Hex/Fire       15%        N/A       19%         3
 Static Discharge         Conj/Air       2%         2-3/arc   36%         2
 Cause Fear               Hex            9%         N/A       36%         4
 Dimensional Bullseye     Hex/Tloc       5%         N/A       69%         4
 Airstrike                Air            0%         2d(1-17)  95%         4
 Summon Lightning Spire   Summ/Air       1%         N/A       95%         4


Dungeon Overview and Level Annotations

Branches:
Dungeon (3/15)              Sewer (1/1)

Altars:

Shops:
D:2 *


Innate Abilities, Weirdness & Mutations

You cannot be hasted, slowed, berserked, paralysed or teleported.
You can dig through walls and to a lower floor.
You have a pair of large antennae on your head. (SInv)
Your four strong arms can wield two-handed weapons with a shield.


Message History

You shoot a sling bullet.
The sling bullet closely misses the kobold brigand.
The kobold brigand hits you with a +0 dagger.
The kobold hits you with a +0 whip.
Unknown command.
You shoot a sling bullet.
The sling bullet closely misses the kobold brigand.
A giggling sprite leaps out and smacks the kobold brigand with its own hand.
The kobold brigand is lightly wounded.
The jinxing sprites lose interest in you.
The kobold brigand closely misses you. The kobold closely misses you.
The kobold hits you with a +0 whip.
The kobold brigand hits you with a +0 dagger.
You shoot a sling bullet.
The sling bullet closely misses the kobold brigand.
The kobold brigand hits you with a +0 dagger.
The kobold barely misses you.
Unknown command.
You shoot a sling bullet.
The sling bullet hits the kobold brigand.
The kobold brigand is lightly wounded.
The kobold brigand seems less drained.
The kobold brigand hits you with a +0 dagger.
The kobold barely misses you.
Unknown command.
You shoot a sling bullet.
The sling bullet barely misses the kobold brigand.
The kobold brigand hits you with a +0 dagger.
* * * LOW HITPOINT WARNING * * *
The kobold barely misses you.
The kobold brigand hits you with a +0 dagger.
* * * LOW HITPOINT WARNING * * *
The kobold misses you.
Okay, then.
Okay, then.
You feel clever all of a sudden.
The kobold brigand hits you with a +0 dagger.
* * * LOW HITPOINT WARNING * * *
The kobold hits you with a +0 whip.
You die...

##### ### .....##.#
........########
..........#!...#####
....P.....K.?..#.∩.#
....~~P~.@K)[∩.#.∩.#
....~P~~~.#....#...#
######~~########'###
~~~~~~~~~~~~~~~~~~≈#
≈≈≈≈~≈≈≈≈≈~≈≈≈≈≈~≈≈#
~~~~~~~~~~~~~~~~~~≈#
~~~#################
P~ {{ . {{


You could see a kobold brigand and a kobold.

Vanquished Creatures
  7 adders
  A river rat (D:3)
  A worm (D:2)
  2 dart slugs
  An orc (D:3)
  4 endoplasms
  5 goblins
  4 hobgoblins
  3 jackals (D:1)
  4 quokkas
  2 ball pythons
  A bat (D:1)
  5 frilled lizards
  7 kobolds
  7 rats
54 creatures vanquished.

Notes
Turn   | Place    | Note
-------+----------+-------------------------------------------
     0 | D:1      | Bnni the Formicid Hexslinger began the quest for the Orb.
     0 | D:1      | Reached XP level 1. HP: 15/15 MP: 2/2
    82 | D:1      | Reached XP level 2. HP: 4/21 MP: 3/3
   159 | D:1      | Learned a level 2 spell: Jinxbite
   441 | D:1      | Reached skill level 4 in Hexes
   447 | D:1      | Reached XP level 3. HP: 26/26 MP: 1/4
   999 | D:2      | Found a faded altar of an unknown god.
  1301 | D:2      | Reached XP level 4. HP: 32/32 MP: 6/6
  1321 | D:2      | Found Enetuuz's General Store.
  1331 | D:2      | Bought a scroll of identify for 28 gold pieces
  1947 | D:3      | Reached XP level 5. HP: 34/38 MP: 4/7
  2039 | D:3      | Found a glowing drain.
  2047 | Sewer    | Entered a sewer
  2064 | Sewer    | Noticed a kobold brigand
  2073 | Sewer    | Slain by a kobold

Illustrated notes

Levels and vault maps discovered:
D:1:      co_arrival_square_in_a_square_in_a_square, layout_basic, st_stairs_14
D:2:      layout_basic, serial_shops, nicolae_shop_stone,
          chequers_ecumenical_altar_twisty, hex_large
D:3:      layout_basic, lightli_sewer_entry_pipes, chequers_arboretum
Sewer:    kennysheep_pipe_town

Skill      XL: |  1  2  3  4  5 |
---------------+----------------+-----
Hexes          | 4 |  4.6
Fire Magic     | 2 |  2.5
Fighting       | 2 |  2.0
Ranged Weapons | 3 |  3.0
Dodging        | |  1.7
Spellcasting   | |  1.8

Action                     |  1- 3 |  4- 6 || total
---------------------------+-------+-------++-------
   Fire: Sling             |   104 |    59 ||   163
   Cast: Jinxbite          |     1 |     6 ||     7
    Use: Scroll            |       |     3 ||     3
         Potion            |       |     1 ||     1
 Armour: Robe              |    33 |    34 ||    67
  Dodge: Dodged            |    39 |    30 ||    69

Table legend: (Time is in decaauts)
 A = Elapsed time spent in this place.
 B = Non-inter-level travel time spent in this place.
 C = Inter-level travel time spent in this place.
 D = Time resting spent in this place.
 E = Time spent auto-exploring this place.
 F = Levels seen in this place.
 G = Mean time per level.
                   A        B        C        D        E       F      G
               +--------+--------+--------+--------+--------+-----+--------+
         Total |   2137 |   2064 |     73 |    153 |   1468 |   4 |  534.2 |
       Dungeon |   2102 |   2029 |     73 |    153 |   1459 |   3 |  700.7 |
         Sewer |     34 |     34 |      0 |      0 |      9 |   1 |   34.0 |
               +--------+--------+--------+--------+--------+-----+--------+

Top non-repeatable levels by time:
     D:1: 973 daAuts
     D:2: 878 daAuts
     D:3: 250 daAuts
   Sewer: 34 daAuts
